 Dungeon Crawl Stone Soup version 0.26-a0-651-gb41185065b (webtiles) character file.

Game seed: 6948280133043277481

44 tilp the Sneak (level 3, 0/16 HPs)
             Began as a Spriggan Enchanter on Oct 24, 2020.
             Slain by an adder (3 damage)
             ... on level 2 of the Dungeon.
             The game lasted 00:02:01 (1070 turns).

tilp the Sneak (Spriggan Enchanter)                 Turns: 1070, Time: 00:02:02

Health: 0/16       AC:  3    Str:  4    XL:     3   Next: 41%
Magic:  1/8        EV: 18    Int: 17    God:
Gold:   36         SH:  0    Dex: 16    Spells: 4/7 levels left

rFire    . . .     SeeInvis +   a - +1 dagger
rCold    . . .     Faith    .   (shield restricted)
rNeg     . . .     Spirit   .   c - +0 robe (curse)
rPois    .         Reflect  .   (helmet restricted)
rElec    .         Harm     .   b - +0 cloak
rCorr    .         Rampage  .   (gloves unavailable)
MR       .....                  (boots unavailable)
Stlth    +++.......             (no amulet)
HPRegen  0.05/turn              (no ring)
MPRegen  0.11/turn              (no ring)

@: lethally poisoned (0 -> -7), very quick
A: very small, unfitting armour, see invisible, speed 3
a: no special abilities


You were on level 2 of the Dungeon.
You visited 1 branch of the dungeon, and saw 2 of its levels.

You collected 36 gold pieces.

Inventory:

Hand Weapons
 a - a +1 dagger (weapon)
Missiles
 e - 14 poisoned darts (quivered)
Armour
 b - a +0 cloak (worn)
 c - a cursed +0 robe (worn)
 f - a +0 buckler
Scrolls
 d - a scroll of random uselessness {unknown}


   Skills:
 + Level 2.7 Short Blades
 - Level 3.0 Dodging
 + Level 5.8 Stealth
 * Level 0.0 Shields
 - Level 2.6 Spellcasting
 - Level 3.6 Hexes


You had 4 spell levels left.
You knew the following spells:

 Your Spells              Type           Power        Failure   Level
a - Corona                Hex            ##.....      4%          1
b - Ensorcelled Hibernat  Hex/Ice        #.....       13%         2

Your spell library contained the following spells:

 Spells                   Type           Power        Failure   Level
 Confusing Touch          Hex            ##......     12%         3
 Tukima's Dance           Hex            ##......     12%         3
 Dazzling Flash           Conj/Hex       #.....       26%         3


Dungeon Overview and Level Annotations

Branches:
Dungeon (1/15)

Altars:


Innate Abilities, Weirdness & Mutations

You are very small and have problems with some larger weapons.
You are too small for most types of armour.
You have supernaturally acute eyesight. (SInv)
You cover ground extremely quickly.


Message History

Aiming: Ensorcelled Hibernation (safe; 13% risk of failure)
Press: ? - help, Shift-Dir - straight line, f/p - adder
Aim: an adder (moderately wounded, chance to defeat MR: 49%)
The adder looks drowsy...
You feel sick.
The adder hisses angrily.
You closely miss the adder.
The adder is moderately wounded.
The adder bites you.
* * * LOW HITPOINT WARNING * * *
Unknown command.
You hit the adder but do no damage.
The adder is moderately wounded.
The adder bites you.
* * * LOW HITPOINT WARNING * * *
The adder closely misses you.
You closely miss the adder.
The adder is moderately wounded.
* * * LOW HITPOINT WARNING * * *
You feel sick. The adder bites you.
You die...

################
###..............#
########...........#
.....$........####.#
########.#.##.####†#
#......##.S@...# ###
........#.##....†.###.....
####.###...#.....†.......>
#. ###$......###..### #
##......###.##
#†.........# #...##.###.#
#.#...#.# ..........


You could see an adder.

Vanquished Creatures
  2 adders (D:2)
  4 dart slugs
  A ball python (D:1)
  3 goblins (D:1)
  3 jackals (D:1)
  2 bats
  2 frilled lizards (D:2)
  2 kobolds (D:1)
  A rat (D:1)
20 creatures vanquished.

Notes
Turn   | Place    | Note
-------+----------+-------------------------------------------
     0 | D:1      | tilp the Spriggan Enchanter began the quest for the Orb.
     0 | D:1      | Reached XP level 1. HP: 9/9 MP: 5/5
   424 | D:1      | Reached skill level 5 in Stealth
   424 | D:1      | Reached XP level 2. HP: 7/13 MP: 6/6
   442 | D:1      | Learned a level 2 spell: Ensorcelled Hibernation
   909 | D:1      | You fall into a shaft and drop 1 floor!
   914 | D:2      | Reached XP level 3. HP: 16/16 MP: 8/8
  1070 | D:2      | Slain by an adder

Illustrated notes

Levels and vault maps discovered:
D:1:      onia_arrival_pyramid, layout_loops_ring
D:2:      layout_loops_ring, chequers_ecumenical_altar_grove,
          chequers_mini_garden

Skill      XL: |  1  2 |
---------------+-------+-----
Stealth        | 5 |  5.8
Short Blades   | 2 |  2.7
Dodging        | |  3.0
Spellcasting   | |  2.6
Hexes          | |  3.6

Action                   || total
-------------------------++-------
Melee: Dagger            ||    70
 Cast: Corona            ||     7
       Ensorcelled Hiber ||    14
 Stab: Sleeping          ||    13
Armor: Robe              ||    10
Dodge: Dodged            ||    62

Table legend: (Time is in decaauts)
 A = Elapsed time spent in this place.
 B = Non-inter-level travel time spent in this place.
 C = Inter-level travel time spent in this place.
 D = Time resting spent in this place.
 E = Time spent auto-exploring this place.
 F = Levels seen in this place.
 G = Mean time per level.
                   A        B        C        D        E       F      G
               +--------+--------+--------+--------+--------+-----+--------+
         Total |    953 |    953 |      0 |    585 |    167 |   2 |  476.5 |
       Dungeon |    953 |    953 |      0 |    585 |    167 |   2 |  476.5 |
               +--------+--------+--------+--------+--------+-----+--------+

Top non-repeatable levels by time:
     D:1: 811 daAuts
     D:2: 141 daAuts
